Map: Submarine LE

Players

Garitos

  • Race: Zerg Zerg
  • League: Grandmaster
  • Spawn Location: 5:00

BratOK (Brat_OK) - Winner!

  • Race: Terran Terran
  • League: Master
  • Spawn Location: 11:00

Event: DreamHack SC2 Masters 2020 Fall

VOD

Have the link to the VOD?

Description

Time

  • Played on: Aug. 29, 2020, 2:10 p.m.
  • Length: 11:59

All games in this series

Show
View Real Time Build Order
Export as new Build Order

Garitos Zerg 

Build Orders: Hatch First 

Get SALT Encoding   

  12  0:00  Drone  
  13  0:12  Overlord  
  13  0:16  Drone  
  14  0:30  Drone x2  
  16  0:50  Drone, Hatchery  
  16  0:54  Drone  
  17  0:57  Drone  
  18  1:11  Extractor  
  17  1:13  Spawning Pool  
  17  1:16  Drone  
  17  1:24  Drone  
  18  1:27  Drone  
  19  1:38  Drone  
  20  1:49  Overlord  
  20  1:59  Queen  
  22  2:01  Queen  
  22  2:02  Zergling x4  
  26  2:12  Drone  
  27  2:17  Drone  
  28  2:28  Spore Crawler  
  28  2:29  Drone  
  28  2:36  Drone, Hatchery  
  28  2:43  Drone  
  30  2:44  Roach Warren  
  30  2:45  Drone  
  30  2:48  Drone  
  31  2:56  Drone x2  
  33  3:01  Drone  
  34  3:06  Queen  
  36  3:13  Overlord  
  36  3:31  Roach x4  
  36  3:33  Overlord  
  44  3:47  Drone x2  
  44  3:48  Drone x2  
  47  3:49  Drone x2  
  47  3:51  Drone  
  47  3:52  Drone  
  47  3:54  Queen  
  47  3:55  Drone  
  53  3:58  Drone  
  53  4:00  Drone  
  53  4:02  Drone, Spore Crawler  
  55  4:06  Spore Crawler  
  55  4:08  Drone  
  55  4:09  Drone  
  56  4:11  Drone  
  56  4:14  Spore Crawler  
  56  4:18  Drone  
  56  4:20  Drone  
  56  4:22  Overlord  
  58  4:32  Overlord  
  58  4:35  Overlord  
  52  4:39  Queen  
  52  4:41  Roach  
  52  4:42  Evolution Chamber x2  
  52  4:46  Roach, Spore Crawler  
  52  4:47  Roach  
  52  4:48  Drone  
  56  4:53  Evolution Chamber  
  56  4:56  Drone x3  
  56  4:57  Drone  
  56  4:59  Drone  
  60  5:02  Drone x2  
  60  5:06  Drone x3  
  65  5:09  Drone  
  65  5:10  Drone  
  67  5:22  Drone  
  67  5:23  Zerg Ground Armor Level 1, Zerg Melee Weapons Level 1  
  67  5:24  Metabolic Boost  
  67  5:26  Drone  
  67  5:28  Drone x2, Evolution Chamber  
  71  5:31  Drone x2  
  71  5:34  Drone  
  71  5:35  Drone x3  
  75  5:39  Drone x2  
  78  5:43  Drone  
  78  5:44  Drone x2  
  78  5:46  Drone  
  78  5:49  Drone  
  79  5:51  Drone  
  79  5:53  Evolution Chamber  
  79  5:55  Queen x2, Extractor  
  79  5:56  Extractor  
  82  6:03  Drone x2  
  81  6:04  Drone x2  
  81  6:05  Drone  
  81  6:07  Drone x2  
  81  6:08  Drone  
  81  6:09  Drone x2  
  79  6:12  Drone  
  79  6:15  Queen  
  79  6:17  Drone  
  79  6:18  Drone  
  79  6:23  Drone  
  79  6:33  Overlord  
  79  6:37  Lair  
  77  6:40  Baneling Nest  
  77  6:41  Drone x4  
  77  6:43  Zergling x2  
  77  6:44  Hatchery  
  77  6:45  Zergling x2  
  77  6:46  Zergling x2  
  82  6:52  Burrow  
  82  6:57  Overlord  
  82  7:01  Overlord  
  82  7:05  Extractor  
  82  7:06  Overlord  
  82  7:07  Extractor  
  82  7:08  Roach  
  82  7:10  Overlord  
  82  7:13  Overlord  
  82  7:16  Roach x2  
  82  7:17  Roach x2  
  82  7:19  Zergling x4  
  82  7:20  Zergling x8  
  82  7:22  Zergling x4  
  98  7:25  Zergling x4  
  98  7:28  Zergling x2  
  101  7:33  Zergling x4  
  103  7:37  Overseer  
  103  7:39  Zergling x2  
  103  7:42  Zergling x2  
  105  7:44  Roach  
  105  7:45  Drone x4  
  105  7:47  Drone x2  
  105  7:48  Drone  
  105  7:51  Drone x2  
  113  7:56  Zerg Melee Weapons Level 2, Zerg Ground Armor Level 2  
  113  7:58  Zergling x8  
  116  8:00  Ravager x3  
  116  8:01  Zergling x4  
  116  8:04  Centrifical Hooks  
  120  8:06  Extractor, Zergling x2  
  120  8:07  Baneling x2  
  120  8:08  Baneling  
  120  8:09  Zergling x4  
  122  8:16  Zergling x4  
  122  8:19  Zergling x4  
  126  8:20  Overlord  
  126  8:21  Zergling x2  
  126  8:24  Overlord  
  126  8:25  Ravager  
  126  8:26  Overlord  
  128  8:27  Overlord  
  128  8:29  Overlord  
  128  8:30  Baneling x2  
  128  8:32  Overlord  
  128  8:33  Overlord  
  128  8:38  Overlord x2  
  128  8:39  Overlord  
  127  8:41  Overlord  
  127  8:43  Drone x2  
  127  8:45  Overlord  
  127  8:48  Ravager, Zergling x4  
  125  8:52  Zergling x6  
  125  8:53  Zergling x2  
  125  8:55  Zergling x2  
  129  9:03  Zergling x4  
  129  9:04  Zergling x2, Spore Crawler  
  129  9:06  Zergling x2, Pneumatized Carapace  
  131  9:12  Zergling x4  
  131  9:14  Zergling x2  
  134  9:18  Zergling x2  
  134  9:20  Baneling x3, Zergling x6  
  134  9:22  Baneling x20  
  134  9:23  Baneling x8  
  137  9:27  Zergling x6  
  137  9:28  Zergling x2  
  137  9:29  Queen, Zergling x4  
  145  9:31  Infestation Pit  
  145  9:32  Zergling x4  
  145  9:33  Zergling x2, Hatchery  
  145  9:35  Zergling x2  
  145  9:38  Zergling x2  
  148  9:42  Zergling x4  
  148  9:45  Drone x2, Zergling x4  
  154  9:46  Drone  
  154  9:47  Drone x2  
  154  9:48  Queen x2  
  154  9:51  Zergling x2  
  154  9:52  Zergling x4  
  163  9:56  Zergling x6  
  163  9:59  Overlord  
  163  10:03  Zergling x4  
  163  10:05  Zergling x2  
  165  10:10  Drone  
  165  10:11  Hive, Zergling x2  
  165  10:13  Zergling x4  
  166  10:18  Zergling x6  
  166  10:19  Zergling x2  
  166  10:20  Zergling x2  
  167  10:22  Zergling x2  
  167  10:24  Zergling x2  
  167  10:25  Drone x3  
  167  10:26  Drone  
  167  10:32  Zergling x6  
  162  10:36  Zergling x2  
  162  10:40  Zergling x4  
  164  10:42  Zergling x2  
  164  10:43  Zergling x2  
  164  10:44  Zergling x6  
  164  10:45  Zergling x6  
  164  10:46  Zergling x4  
  164  10:47  Queen, Overseer, Hatchery  
  169  10:50  Zergling x2  
  169  10:54  Zergling x4  
  172  10:57  Zergling x2  
  172  11:00  Zergling x2  
  172  11:03  Zergling x2  
  174  11:06  Overlord  
  174  11:08  Zergling x2  
  131  11:25  Zergling x12  
  114  11:26  Zergling x8  
  114  11:30  Roach  
  122  11:32  Baneling x6  
  122  11:33  Baneling x3  
  122  11:34  Roach x2  
  122  11:36  Roach  
  128  11:40  Zergling x2  
  128  11:41  Zergling x6  
Show
View Real Time Build Order
Export as new Build Order

BratOK Terran - Winner!

Build Orders: Reaper Expand, Hellion Banshee 

Get SALT Encoding   

  12  0:00  SCV  
  13  0:12  SCV  
  14  0:17  Supply Depot  
  14  0:24  SCV  
  15  0:38  SCV  
  15  0:40  Barracks  
  16  0:43  Refinery  
  16  0:50  SCV  
  17  1:02  SCV  
  18  1:15  SCV  
  19  1:27  Orbital Command, Reaper  
  20  1:38  Command Center  
  20  1:46  Supply Depot  
  20  1:53  SCV  
  21  1:59  Marine  
  22  2:05  SCV  
  23  2:09  Factory  
  23  2:14  Refinery  
  23  2:17  SCV  
  24  2:23  Barracks Reactor  
  24  2:29  SCV  
  24  2:41  SCV  
  25  2:51  Orbital Command  
  25  2:55  Starport, SCV  
  26  3:02  Hellion  
  26  3:03  Hellion  
  30  3:07  Barracks Tech Lab, SCV  
  31  3:18  SCV  
  31  3:19  SCV  
  33  3:23  Hellion  
  33  3:24  Hellion  
  37  3:27  Supply Depot  
  37  3:30  SCV  
  37  3:31  SCV  
  39  3:37  Banshee, Cloaking Field  
  42  3:42  SCV  
  42  3:44  Hellion  
  42  3:56  SCV x2  
  42  4:01  Command Center  
  44  4:07  Hellion x2  
  44  4:08  Barracks Tech Lab  
  48  4:14  Supply Depot  
  48  4:19  SCV x2  
  48  4:20  Banshee  
  52  4:34  Stimpack, Marine  
  52  4:36  Hellion x2  
  52  4:37  SCV  
  54  4:53  SCV  
  54  4:54  Marine  
  54  4:55  Supply Depot  
  56  5:05  Barracks  
  56  5:06  Factory Reactor  
  56  5:07  Barracks  
  54  5:16  SCV  
  54  5:19  Orbital Command  
  55  5:25  Engineering Bay  
  55  5:27  Engineering Bay  
  55  5:29  SCV x2  
  55  5:30  Refinery  
  55  5:32  Refinery  
  55  5:35  Starport Reactor  
  55  5:47  SCV x2  
  55  5:48  SCV  
  56  5:55  Terran Infantry Armor Level 1, Terran Infantry Weapons Level 1  
  56  5:59  SCV  
  57  6:05  Barracks  
  57  6:08  Barracks, SCV  
  52  6:14  Marine  
  52  6:16  Marine x4  
  60  6:25  Medivac, Siege Tank  
  60  6:31  Orbital Command  
  60  6:32  Marine  
  59  6:34  SCV x2, Marine x3  
  59  6:35  Combat Shield  
  59  6:36  Marine  
  65  6:46  SCV x2  
  67  6:50  Marine  
  67  6:52  Marine x2  
  70  6:57  Siege Tank, SCV  
  70  6:58  SCV x2  
  70  7:01  Medivac x2  
  80  7:10  SCV x3  
  80  7:13  Supply Depot  
  83  7:16  Armory  
  83  7:18  Supply Depot, Marine x2  
  83  7:20  Supply Depot, Barracks Reactor x2  
  85  7:30  Supply Depot  
  85  7:34  Marine x3  
  85  7:35  Siege Tank, SCV x2  
  93  7:39  SCV, Marine x2  
  93  7:43  Medivac  
  97  7:47  Medivac, SCV  
  99  7:52  SCV, Marine x2  
  99  7:53  Supply Depot  
  99  7:54  SCV, Supply Depot  
  103  8:04  Marine x6  
  103  8:05  Terran Infantry Weapons Level 2  
  109  8:07  Siege Tank  
  109  8:08  SCV x2  
  114  8:19  Marine  
  115  8:22  Marine  
  115  8:27  SCV  
  116  8:29  Supply Depot  
  116  8:33  Supply Depot  
  116  8:34  Supply Depot  
  116  8:36  Marine x2  
  118  8:41  Siege Tank  
  118  8:42  Marine  
  118  8:47  Marine  
  118  8:48  Terran Infantry Armor Level 2, Marine x4  
  127  8:50  Command Center  
  127  8:56  Barracks, SCV, Supply Depot  
  127  8:57  Barracks  
  127  8:59  Barracks  
  127  9:00  Supply Depot  
  128  9:08  Medivac, Marine  
  128  9:09  Marine x7  
  138  9:18  Supply Depot x2  
  138  9:21  Terran Vehicle Weapons Level 1  
  138  9:28  Marine x4  
  142  9:40  Marine  
  142  9:41  Marine x4  
  144  9:45  Marine  
  144  9:46  Marine x3  
  144  9:50  Marine x3  
  151  9:55  Sensor Tower  
  151  9:58  Marine x5  
  156  10:07  Marine x4  
  156  10:08  Marine x3  
  162  10:16  Marine x2  
  162  10:17  Marine  
  162  10:19  Marine  
  166  10:24  Marine  
  166  10:25  Marine x3  
  166  10:26  Marine  
  170  10:29  Medivac x2, Siege Tank  
  158  10:45  Marine x2  
  152  10:50  Barracks Tech Lab x3  
  152  11:02  Siege Tank  
  155  11:07  Marauder, Marine x4  
  161  11:17  Marine  
  161  11:18  Marine  
  137  11:19  Marine  
  127  11:28  Medivac x2  
  127  11:29  Marine x5  

Tags
 
Add a new tag
Caveats
  • Supply blocks, unpowered buildings, or Contaminate may cause inaccurate times.
  • Supply counts are checked every 10 seconds.